 Dungeon Crawl Stone Soup version 0.23-a0-644-gb60d84b (webtiles) character file.

97 Borgoz the Ruffian (level 4, 0/37 HPs)
             Began as a Ghoul Gladiator on Jan 1, 2019.
             Slain by Sigmund
             ... wielding a +0 scythe of protection
              (13 damage)
             ... on level 2 of the Dungeon.
             The game lasted 00:02:39 (1061 turns).

Borgoz the Ruffian (Ghoul Gladiator)                Turns: 1061, Time: 00:02:39

Health: 0/37       AC:  6    Str: 17    XL:     4   Next: 68%
Magic:  4/4        EV: 12    Int:  8    God:
Gold:   94         SH:  0    Dex: 11    Spells: 5/5 levels left

rFire    . . .     SeeInvis .     - Unarmed
rCold    + . .     Gourm    .   (no shield)
rNeg     + + +     Faith    .   i - +0 ring mail
rPois    ∞         Spirit   .   b - +0 helmet
rElec    .         Reflect  .   (no cloak)
rCorr    .         Harm     .   (no gloves)
MR       .....                  (no boots)
Stlth    +.........             (no amulet)
HPRegen  0.00/turn              h - ring of wizardry (curse)
MPRegen  0.09/turn              (no ring)

@: brilliant, rotting
A: rotting body, claws 1, carnivore, cold resistance 1, negative energy
resistance 3, inhibited regeneration, torment resistance, unbreathing
a: no special abilities


You were on level 2 of the Dungeon.
You were not hungry.

You visited 1 branch of the dungeon, and saw 2 of its levels.

You collected 94 gold pieces.

Inventory:

Missiles
 c - 3 throwing nets (quivered)
Armour
 b - a +0 helmet (worn)
 i - a +0 ring mail (worn)
Jewellery
 h - a cursed ring of wizardry (left claw)
Scrolls
 a - 2 scrolls of immolation {unknown}
 e - 2 scrolls of identify {unknown}
 j - a scroll of amnesia {unknown}
 k - a scroll of magic mapping {unknown}
Comestibles
 d - 6 rations
 f - 2 chunks of flesh


   Skills:
 + Level 2.7 Fighting
 - Level 1.7 Throwing
 * Level 1.6 Armour
 * Level 3.5 Dodging
 + Level 3.6 Unarmed Combat
 + Level 1.0 Spellcasting


You had 5 spell levels left.
You didn't know any spells.
Your spell library was empty.

Dungeon Overview and Level Annotations

Branches:
Dungeon (2/15)

Altars:

Annotations:
D:2 Sigmund


Innate Abilities, Weirdness & Mutations

Your body is rotting away.
You thrive on raw meat.
You are immune to poison.
You have sharp fingernails.
You are carnivorous and can eat meat at any time.
Your flesh is cold resistant. (rC+)
You are immune to negative energy. (rN+++)
You do not regenerate when monsters are visible.
You are immune to unholy pain and torment.
You can survive without breathing.


Message History

Sigmund is lightly wounded.
You bump into the rock wall.
Sigmund points at you and mumbles some strange words.
The puff of flame hits you!
You miss Sigmund.
Sigmund is lightly wounded.
Sigmund barely misses you.
You claw Sigmund!
Sigmund is moderately wounded.
Sigmund hits you with a +0 scythe of protection!
You scratch Sigmund.
Sigmund is moderately wounded.
Sigmund hits you but does no damage.
You bump into the rock wall.
You feel less confused.
Sigmund hits you from afar with a +0 scythe of protection.
You scratch Sigmund but do no damage.
Sigmund is moderately wounded.
Sigmund hits you with a +0 scythe of protection!
You die...

#.# #.# #.#
#.# #.# #.#
#.# #.# #.#
#.#
#######.###.#
..........#
#######.#.#
#.@@.#.#
#.####.# # .#
.# ##


You could see Sigmund.

Vanquished Creatures
  Terence (D:2)
  3 adders (D:2)
  A dart slug (D:1)
  2 leopard geckos (D:1)
  3 bats
  2 giant cockroaches (D:2)
  7 goblins
  7 hobgoblins
  4 kobolds (D:2)
  A ball python (D:2)
  5 frilled lizards (D:1)
  5 rats
41 creatures vanquished.

Notes
Turn   | Place    | Note
-------+----------+-------------------------------------------
     0 | D:1      | Borgoz the Ghoul Gladiator began the quest for the Orb.
     0 | D:1      | Reached XP level 1. HP: 17/17 MP: 0/0
   106 | D:1      | Reached XP level 2. HP: 23/24 MP: 1/1
   482 | D:1      | Reached XP level 3. HP: 30/30 MP: 2/2
   483 | D:1      | Reached skill level 1 in Armour
   515 | D:2      | Noticed Terence
   525 | D:2      | Killed Terence
   694 | D:2      | Reached XP level 4. HP: 32/37 MP: 4/4
  1003 | D:2      | Reached skill level 1 in Spellcasting
  1040 | D:2      | Noticed Sigmund
  1061 | D:2      | Slain by Sigmund

Vault maps used:
D:1:      ebering_hopf_link, item_on_display_a
D:2:      first_ration, minmay_unequal, uniq_sigmund, uniq_terence

Skill      XL: |  1  2  3  4 |
---------------+-------------+-----
Dodging        | 3 |  3.5
Armour         | 1 |  1.6
Spellcasting   | 1 |  1.0
Fighting       | |  2.7
Throwing       | |  1.7
Unarmed Combat | |  3.6

Action                   |  1- 3 |  4- 6 || total
-------------------------+-------+-------++-------
Melee: Unarmed           |   102 |    59 ||   161
       Punch             |     1 |     1 ||     2
  Use: Potion            |       |     2 ||     2
  Eat: Chunk             |     6 |     6 ||    12
Armor: Leather armour    |    19 |       ||    19
       Ring mail         |     6 |    17 ||    23
Dodge: Dodged            |    57 |    34 ||    91

Table legend:
 A = Non-vault XP
 B = Vault XP
 C = Vault XP percentage of total XP
 D = Non-vault monster count
 E = Vault monster count
 F = Vault count percentage of total count
                 A         B        C        D         E       F
            +---------+---------+-------+---------+---------+-------
      Total |      98 |      41 |  29.5 |      37 |       4 |   9.8
            +---------+---------+-------+---------+---------+-------
        D:1 |      36 |       0 |   0.0 |      20 |       0 |   0.0
        D:2 |      62 |      41 |  39.8 |      17 |       4 |  19.0
            +---------+---------+-------+---------+---------+-------
